EL
NORTHWEST ARKANSAS NATURALS @ JACKSON GENERALS
06/26/2047
 
TOP OF THE 1ST
Northwest Arkansas Naturals batting - Pitching for Jackson Generals : LHP Matt Lee
Pitching: LHP Matt Lee
Batting: RHB Willie de los Santos 0-0: Ball
1-0: Ground out 5-3 (Groundball, 5, EV 106.2 MPH)
Batting: RHB Kevin Wimberly 0-0: Ball
1-0: Foul Ball, location: 2F
1-1: Called Strike
1-2: Strikes out swinging
Batting: RHB Cesar Ortega 0-0: Swinging Strike
0-1: Ball
1-1: Fly out, F8 (Flyball, 8RM, EV 91.2 MPH)
Top of the 1st over - 0 runs, 0 hits, 0 errors, 0 left on base; Northwest Arkansas 0 - Jackson 0
BOTTOM OF THE 1ST
Jackson Generals batting - Pitching for Northwest Arkansas Naturals : RHP Antonio Santos
Pitching: RHP Antonio Santos
Batting: RHB Brad Robidas 0-0: Ball
1-0: Called Strike
1-1: Ball
2-1: Swinging Strike
2-2: Strikes out swinging
Batting: RHB Zach Downs 0-0: Foul Ball, location: 2F
0-1: Foul Ball, location: 2F
0-2: DOUBLE (Groundball, 5L, EV 107.5 MPH)
Batting: RHB Ryan Criollo 0-0: Called Strike
0-1: Fly out, F8 (Flyball, 8RM, EV 73.1 MPH)
Batting: RHB Mike Conaway 0-0: Called Strike
0-1: Ball
1-1: SINGLE (Line Drive, 78M, EV 98.8 MPH)
Zach Downs to third
Runner from 3rd tries for Home, SAFE, throw by LF to home
Batting: RHB Enrique Valdez 0-0: Called Strike
0-1: Ball
1-1: Called Strike
Mike Conaway steals 2nd base
1-2: Ground out 6-3 (Groundball, 6MD, EV 83.8 MPH)
Bottom of the 1st over - 1 run, 2 hits, 0 errors, 1 left on base; Northwest Arkansas 0 - Jackson 1
TOP OF THE 2ND
Northwest Arkansas Naturals batting - Pitching for Jackson Generals : LHP Matt Lee
Batting: RHB Greg Callaghan 0-0: Called Strike
0-1: Foul Ball, location: 2F
0-2: Ball
1-2: Foul Ball, location: 2F
1-2: Ball
2-2: Ball
3-2: Base on Balls
Batting: LHB Justin Covington 0-0: Called Strike
0-1: Swinging Strike
0-2: Hit by Pitch
Greg Callaghan to second
Batting: SHB Bill Ertl 0-0: Ball
1-0: Ball
2-0: Fielders Choice at 2nd, 6-4 (Groundball, 6, EV 75.6 MPH)
Greg Callaghan to third
Batting: RHB Justin Goff 0-0: Ball
1-0: Fly out, F9 (Line Drive, 89S, EV 93.1 MPH)
Batting: RHB Josh Stinnett 0-0: Fielders Choice at 2nd, 6-4 (Groundball, 6, EV 85.0 MPH)
Top of the 2nd over - 0 runs, 0 hits, 0 errors, 2 left on base; Northwest Arkansas 0 - Jackson 1
BOTTOM OF THE 2ND
Jackson Generals batting - Pitching for Northwest Arkansas Naturals : RHP Antonio Santos
Batting: RHB Chris Olheiser 0-0: Ball
1-0: Fly out, F9 (Flyball, 9D, EV 93.1 MPH)
Batting: LHB Josh Gottlieb 0-0: Ball
1-0: Swinging Strike
1-1: SINGLE (Groundball, 34D, EV 98.8 MPH)
Batting: LHB Brent Dutcher 0-0: Ball
1-0: Called Strike
1-1: Ball
2-1: SINGLE (Groundball, 4MS, EV 64.4 MPH) (infield hit)
Josh Gottlieb to second
Pitching: RHP Mike Galvin
Batting: RHB Jesus Santiago 0-0: Ball
1-0: Ground out 5-3 (Groundball, 56S, EV 73.8 MPH)
Josh Gottlieb to third
Brent Dutcher to second
Batting: RHB Brad Robidas 0-0: Ball
1-0: Fly out, F7 (Line Drive, 7, EV 103.1 MPH)
Bottom of the 2nd over - 0 runs, 2 hits, 0 errors, 2 left on base; Northwest Arkansas 0 - Jackson 1
TOP OF THE 3RD
Northwest Arkansas Naturals batting - Pitching for Jackson Generals : LHP Matt Lee
Batting: LHB Teko van de Sande 0-0: DOUBLE (Groundball, 3L, EV 103.1 MPH)
Batting: RHB Willie de los Santos 0-0: Ball
1-0: Ball
2-0: Called Strike
2-1: Ball
3-1: Base on Balls
Batting: RHB Kevin Wimberly 0-0: Ball
1-0: Ball
2-0: Called Strike
2-1: Swinging Strike
2-2: Strikes out swinging
Batting: RHB Cesar Ortega 0-0: Ball
1-0: Ball
2-0: Foul Ball, location: 2F
2-1: Fielders Choice at 2nd, 3-6 (Groundball, 34S, EV 85.0 MPH)
Teko van de Sande to third
Batting: RHB Greg Callaghan 0-0: Fly out, F8 (Flyball, 89XD, EV 97.5 MPH)
Top of the 3rd over - 0 runs, 1 hit, 0 errors, 2 left on base; Northwest Arkansas 0 - Jackson 1
BOTTOM OF THE 3RD
Jackson Generals batting - Pitching for Northwest Arkansas Naturals : RHP Mike Galvin
Batting: RHB Zach Downs 0-0: Swinging Strike
0-1: Swinging Strike
0-2: Ball
1-2: Fly out, F4 (Flyball, 34D, EV 85.0 MPH)
Batting: RHB Ryan Criollo 0-0: Foul Ball, location: 2F
0-1: Called Strike
0-2: Foul Ball, location: 2F
0-2: SINGLE (Groundball, 6MD, EV 103.8 MPH)
Batting: RHB Mike Conaway 0-0: Grounds into double play, 5-4-3 (Groundball, 56, EV 79.4 MPH)
Bottom of the 3rd over - 0 runs, 1 hit, 0 errors, 0 left on base; Northwest Arkansas 0 - Jackson 1
TOP OF THE 4TH
Northwest Arkansas Naturals batting - Pitching for Jackson Generals : LHP Matt Lee
Batting: LHB Justin Covington 0-0: Ball
1-0: Ground out 2-3 (Groundball, 13S, EV 71.9 MPH)
Batting: SHB Bill Ertl 0-0: SINGLE (Groundball, 34D, EV 105.6 MPH)
Batting: RHB Justin Goff 0-0: Called Strike
0-1: SINGLE (Line Drive, 7S, EV 110.0 MPH)
Bill Ertl to second
Batting: RHB Josh Stinnett 0-0: Foul Ball, location: 2F
0-1: Foul Ball, location: 2F
0-2: Ground out 6-3 (Groundball, 6MS, EV 81.9 MPH)
Bill Ertl to third
Justin Goff to second
Batting: LHB Teko van de Sande 0-0: Swinging Strike
0-1: Called Strike
0-2: Strikes out looking
Top of the 4th over - 0 runs, 2 hits, 0 errors, 2 left on base; Northwest Arkansas 0 - Jackson 1
BOTTOM OF THE 4TH
Jackson Generals batting - Pitching for Northwest Arkansas Naturals : RHP Mike Galvin
Batting: RHB Enrique Valdez 0-0: Fly out, F9 (Flyball, 89XD, EV 96.2 MPH)
Batting: RHB Chris Olheiser 0-0: Foul Ball, location: 2F
0-1: Ball
1-1: SINGLE (Groundball, 56D, EV 106.2 MPH)
Batting: LHB Josh Gottlieb 0-0: Swinging Strike
0-1: Foul Ball, location: 2F
0-2: Foul Ball, location: 2F
0-2: Fielders Choice at 2nd, 3-6 (Groundball, 13, EV 78.8 MPH)
Batting: LHB Brent Dutcher 0-0: Swinging Strike
0-1: Ball
Josh Gottlieb is caught stealing 2nd base 2-6
Bottom of the 4th over - 0 runs, 1 hit, 0 errors, 0 left on base; Northwest Arkansas 0 - Jackson 1
TOP OF THE 5TH
Northwest Arkansas Naturals batting - Pitching for Jackson Generals : LHP Matt Lee
Batting: RHB Willie de los Santos 0-0: Called Strike
0-1: Foul Ball, location: 2F
0-2: Strikes out swinging, 2-3 out at first.
Batting: RHB Kevin Wimberly 0-0: Called Strike
0-1: Foul Ball, location: 2F
0-2: Ball
1-2: Strikes out swinging
Batting: RHB Cesar Ortega 0-0: DOUBLE (Flyball, 8LXD, EV 111.2 MPH)
Batting: RHB Greg Callaghan 0-0: Called Strike
0-1: 2-RUN HOME RUN (Flyball, 9D, EV 99.4 MPH), Distance : 387 ft
Batting: LHB Justin Covington 0-0: Foul Ball, location: 2F
0-1: Foul Ball, location: 2F
0-2: Ground out 4-3 (Groundball, 4, EV 84.4 MPH)
Top of the 5th over - 2 runs, 2 hits, 0 errors, 0 left on base; Northwest Arkansas 2 - Jackson 1
BOTTOM OF THE 5TH
Jackson Generals batting - Pitching for Northwest Arkansas Naturals : RHP Mike Galvin
Batting: LHB Brent Dutcher 0-0: Swinging Strike
0-1: Ball
1-1: Swinging Strike
1-2: Ball
2-2: Fly out, F7 (Flyball, 78S, EV 83.8 MPH)
Batting: RHB Jesus Santiago 0-0: Ball
1-0: Called Strike
1-1: Ball
2-1: Swinging Strike
2-2: Fly out, F4 (Line Drive, 4, EV 71.2 MPH)
Batting: RHB Brad Robidas 0-0: Called Strike
0-1: Ball
1-1: Ball
2-1: Fly out, F8 (Flyball, 8LD, EV 90.6 MPH)
Bottom of the 5th over - 0 runs, 0 hits, 0 errors, 0 left on base; Northwest Arkansas 2 - Jackson 1
TOP OF THE 6TH
Northwest Arkansas Naturals batting - Pitching for Jackson Generals : LHP Matt Lee
Batting: SHB Bill Ertl 0-0: Called Strike
0-1: Ball
1-1: Ball
2-1: Foul Ball, location: 2F
2-2: Strikes out looking
Batting: RHB Justin Goff 0-0: Fly out, F2 (Popup, 23F, EV 76.2 MPH)
Batting: RHB Josh Stinnett 0-0: Called Strike
0-1: Foul Ball, location: 2F
0-2: Ball
1-2: Foul Ball, location: 2F
1-2: Foul Ball, location: 2F
1-2: Ball
2-2: Strikes out swinging
Top of the 6th over - 0 runs, 0 hits, 0 errors, 0 left on base; Northwest Arkansas 2 - Jackson 1
BOTTOM OF THE 6TH
Jackson Generals batting - Pitching for Northwest Arkansas Naturals : RHP Mike Galvin
Batting: RHB Zach Downs 0-0: Called Strike
0-1: Ball
1-1: Swinging Strike
1-2: Strikes out looking
Batting: RHB Ryan Criollo 0-0: Foul Ball, location: 2F
0-1: Called Strike
0-2: Ball
1-2: Strikes out swinging
Batting: RHB Mike Conaway 0-0: Ground out 6-3 (Groundball, 6, EV 103.1 MPH)
Bottom of the 6th over - 0 runs, 0 hits, 0 errors, 0 left on base; Northwest Arkansas 2 - Jackson 1
TOP OF THE 7TH
Northwest Arkansas Naturals batting - Pitching for Jackson Generals : LHP Matt Lee
Batting: LHB Teko van de Sande 0-0: Ball
1-0: Called Strike
1-1: Swinging Strike
1-2: SINGLE (Groundball, 6MD, EV 97.5 MPH) (infield hit)
Batting: RHB Willie de los Santos 0-0: Foul Ball, location: 2F
0-1: Ball
1-1: Swinging Strike
1-2: Strikes out looking
Batting: RHB Kevin Wimberly 0-0: Ball
Teko van de Sande steals 2nd base
1-0: Called Strike
1-1: Ball
2-1: 2-RUN HOME RUN (Flyball, 78XD, EV 116.2 MPH), Distance : 461 ft
Batting: RHB Cesar Ortega 0-0: Called Strike
0-1: Swinging Strike
0-2: DOUBLE (Flyball, 78XD, EV 115.0 MPH)
Batting: RHB Greg Callaghan 0-0: Intentional Walk
Batting: LHB Justin Covington 0-0: Ball
1-0: SINGLE (Groundball, 4MD, EV 100.6 MPH)
Cesar Ortega to third
Greg Callaghan to second
Runner from 3rd tries for Home, SAFE, throw by CF to home
Greg Callaghan to third
Justin Covington to second
Batting: SHB Bill Ertl 0-0: Foul Ball, location: 2F
0-1: Swinging Strike
0-2: Foul Ball, location: 2F
0-2: Ball
1-2: Strikes out looking
Batting: RHB Justin Goff 0-0: Ball
1-0: Ground out 5-3 (Groundball, 5, EV 83.1 MPH)
Top of the 7th over - 3 runs, 4 hits, 0 errors, 2 left on base; Northwest Arkansas 5 - Jackson 1
BOTTOM OF THE 7TH
Jackson Generals batting - Pitching for Northwest Arkansas Naturals : RHP Mike Galvin
Pitching: RHP Phil Kellum
Batting: RHB Enrique Valdez 0-0: Ball
1-0: Called Strike
1-1: Ball
2-1: Called Strike
2-2: Ball
3-2: Foul Ball, location: 2F
3-2: SINGLE (Flyball, 78S, EV 97.5 MPH)
Batting: RHB Chris Olheiser 0-0: Called Strike
Enrique Valdez steals 2nd base
0-1: Called Strike
0-2: Foul Ball, location: 2F
0-2: Foul Ball, location: 2F
0-2: Fly out, F8 (Flyball, 8LM, EV 82.5 MPH)
Batting: LHB Josh Gottlieb 0-0: Ball
1-0: Swinging Strike
1-1: Ball
2-1: Ball
3-1: Called Strike
3-2: Foul Ball, location: 2F
3-2: Foul Ball, location: 2F
3-2: Ground out 1-3 (Groundball, 23, EV 75.0 MPH)
Enrique Valdez to third
Batting: LHB Brent Dutcher 0-0: SINGLE (Groundball, 34D, EV 97.5 MPH)
Enrique Valdez scores
Batting: RHB Jesus Santiago 0-0: Ball
Brent Dutcher steals 2nd, throwing error, E2
Brent Dutcher to third
1-0: Ball
2-0: Ball
3-0: Base on Balls
Batting: RHB Brad Robidas 0-0: Called Strike
0-1: Ball
1-1: Ball
2-1: Fly out, F9 (Flyball, 9LM, EV 88.8 MPH)
Bottom of the 7th over - 1 run, 2 hits, 1 error, 2 left on base; Northwest Arkansas 5 - Jackson 2
TOP OF THE 8TH
Northwest Arkansas Naturals batting - Pitching for Jackson Generals : LHP Matt Lee
Pitching: RHP Ian Gaines
Batting: RHB Josh Stinnett 0-0: Ball
1-0: DOUBLE (Line Drive, 9LM, EV 98.8 MPH)
Batting: LHB Teko van de Sande 0-0: Called Strike
0-1: Ball
1-1: Ball
2-1: Bunt missed!
2-2: Foul Ball, location: 2F
2-2: DOUBLE (Groundball, 3L, EV 101.9 MPH)
Josh Stinnett scores
Batting: RHB Willie de los Santos 0-0: Called Strike
0-1: Ball
1-1: Ground out U3 (Groundball, 3, EV 93.8 MPH)
Teko van de Sande to third
Batting: RHB Kevin Wimberly 0-0: Swinging Strike
0-1: Ball
1-1: Ball
2-1: Called Strike
2-2: Foul Ball, location: 2F
2-2: Ball
3-2: Foul Ball, location: 2F
3-2: Fly out, F7 (Flyball, 7S, EV 89.4 MPH)
Batting: RHB Cesar Ortega 0-0: Swinging Strike
0-1: Foul Ball, location: 2F
0-2: Strikes out swinging
Top of the 8th over - 1 run, 2 hits, 0 errors, 1 left on base; Northwest Arkansas 6 - Jackson 2
BOTTOM OF THE 8TH
Jackson Generals batting - Pitching for Northwest Arkansas Naturals : RHP Phil Kellum
Pitching: RHP Josh Rutledge
Batting: RHB Zach Downs 0-0: Called Strike
0-1: Ball
1-1: Foul Ball, location: 2F
1-2: Hit by Pitch
Batting: RHB Ryan Criollo 0-0: Fly out, F7 (Line Drive, 7, EV 91.9 MPH)
Batting: RHB Mike Conaway 0-0: Swinging Strike
0-1: Ball
1-1: Fly out, F4 (Popup, 13, EV 85.6 MPH)
Batting: RHB Enrique Valdez 0-0: Foul Ball, location: 2F
0-1: SINGLE (Groundball, 56S, EV 70.0 MPH) (infield hit)
Zach Downs to second
Pitching: RHP Ian Current
Batting: RHB Chris Olheiser 0-0: Ball
1-0: Foul Ball, location: 2F
1-1: Ball
2-1: Fielders Choice at 2nd, 6-4 (Groundball, 6, EV 105.0 MPH)
Bottom of the 8th over - 0 runs, 1 hit, 0 errors, 2 left on base; Northwest Arkansas 6 - Jackson 2
TOP OF THE 9TH
Northwest Arkansas Naturals batting - Pitching for Jackson Generals : RHP Ian Gaines
Batting: RHB Greg Callaghan 0-0: Ball
1-0: Ball
2-0: Foul Ball, location: 2F
2-1: Ball
3-1: Foul Ball, location: 2F
3-2: Strikes out swinging
Batting: LHB Justin Covington 0-0: Called Strike
0-1: Ball
1-1: Ball
2-1: Ball
3-1: Foul Ball, location: 2F
3-2: Base on Balls
Batting: SHB Bill Ertl 0-0: Foul Ball, location: 2F
0-1: Swinging Strike
0-2: Foul Ball, location: 2F
0-2: Ball
Justin Covington is caught stealing 2nd base 2-6
1-2: Ball
2-2: Strikes out swinging
Top of the 9th over - 0 runs, 0 hits, 0 errors, 0 left on base; Northwest Arkansas 6 - Jackson 2
BOTTOM OF THE 9TH
Jackson Generals batting - Pitching for Northwest Arkansas Naturals : RHP Ian Current
Batting: LHB Josh Gottlieb 0-0: Ground out 4-3 (Groundball, 4, EV 103.8 MPH)
Batting: LHB Brent Dutcher 0-0: Foul Ball, location: 2F
0-1: Ground out 6-3 (Groundball, P, EV 76.9 MPH)
Batting: RHB Jesus Santiago 0-0: Ball
1-0: Ball
2-0: Called Strike
2-1: Foul Ball, location: 2F
2-2: Reached on error, E1 (Groundball, 15S, EV 66.2 MPH)
Batting: RHB Brad Robidas 0-0: Ground out 5-3 (Groundball, 5, EV 86.9 MPH)
Bottom of the 9th over - 0 runs, 0 hits, 1 error, 1 left on base; Northwest Arkansas 6 - Jackson 2
Thursday, December 15th , 2022 - OOTP Baseball 23.9 Build 102